 Dungeon Crawl Stone Soup version 0.31.0-12-g77e489cdc1 (webtiles) character file.

Game seed: 14017854823325218810

80 lordive the Changeling (level 4, -1/28 HPs)
             Began as an Octopode Shapeshifter on Feb 29, 2024.
             Slain by a cerulean imp
             ... wielding a +0 spear
             ... summoned by Natasha
              (5 damage)
             ... on level 3 of the Dungeon.
             The game lasted 00:02:01 (1847 turns).

lordive the Changeling (Octopode Shapeshifter)      Turns: 1847, Time: 00:02:01

Health: -1/28      AC:  1    Str: 13    XL:     4   Next: 39%
Magic:  4/4        EV: 13    Int: 14    God:
Gold:   129        SH:  0    Dex: 11    Spells: 3/3 levels left

rFire   . .          .
                       - Unarmed
rCold   . . .        (no shield)
rNeg    . . .        (helmet currently unavailable)
rPois   .            (no amulet)
rElec   .            f - ring of wizardry
rCorr   .            (no ring)
SInv    .            (no ring)
Will    .....        (no ring)
Stlth   ++           (no ring)
HPRegen 0.24/turn    (no ring)
MPRegen 0.09/turn    (no ring)
                     (no ring)

%: wizardry (x1)
@: beast-form
A: beast (slay +2), almost no armour, amphibious, 8 rings, camouflage 1,
gelatinous body 1, (nimble swimmer 1), tentacles
a: Begin Untransformation


You were on level 3 of the Dungeon.
You were a hulking beast.
You visited 1 branch of the dungeon, and saw 3 of its levels.

You collected 129 gold pieces.

Inventory:

Jewellery
 f - a ring of wizardry (left tentacle)
Talismans
 b - a beast talisman
 c - a flux talisman
Wands
 g - a wand of roots (7)
Scrolls
 h - a scroll of amnesia {unknown}
 m - 2 scrolls of identify {unknown}
 o - a scroll of enchant armour {unknown}
 p - a scroll of enchant weapon {unknown}
Potions
 a - a potion of lignification
 d - a potion of mutation {unknown}
 e - a potion of ambrosia {unknown}
 i - a potion of magic {unknown}
 j - a potion of invisibility {unknown}
 k - a potion of haste {unknown}
 l - a potion of curing {unknown}
 n - a potion of enlightenment {unknown}


   Skills:
 + Level 1.0 Fighting
 + Level 2.1 Dodging
 + Level 3.6 Unarmed Combat
 * Level 4.3 Shapeshifting


You had 3 spell levels left.
You didn't know any spells.
Your spell library contained the following spells:

 Spells                   Type           Power      Damage    Failure   Level
 Magic Dart               Conj           0%         1d3       12%         1
 Sandblast                Erth           0%         2d4       12%         1
 Blink                    Tloc           0%         N/A       17%         2
 Call Imp                 Summ           0%         N/A       17%         2
 Passwall                 Erth           0%         N/A       32%         3
 Stone Arrow              Conj/Erth      0%         3d7       32%         3
 Brom's Barrelling Bould  Conj/Erth      0%         2d3       71%         4


Dungeon Overview and Level Annotations

Branches:
Dungeon (3/15)

Altars:

Shops:
D:1 ![

Annotations:
D:3 Natasha


Innate Abilities, Weirdness & Mutations

You are a hulking beast.
Your limbs bulge with bestial killing power. (Slay +2)
You cannot wear most types of armour.
You are amphibious.
You can wear up to eight rings at the same time.
Your skin changes colour to match your surroundings (Stealth+).
Your rubbery body absorbs attacks. (AC +1, EV +1)
((You are camouflaged when in or above water. (Stealth+)))
You have tentacles for arms and can constrict up to eight enemies at once.


Message History

You tentacle-slap the frilled lizard.
You kill the frilled lizard!
The bat barely misses you.
Natasha mumbles some strange words.
The bat closely misses you.
The cerulean imp hits you but does no damage.
The bat hits you.
Natasha mewls in sadness.
Natasha casts a spell.
The cerulean imp hits you from afar with a +2 spear.
You barely miss Natasha. Your grab misses Natasha.
Your tentacle-slap misses Natasha.
The bat barely misses you. The cerulean imp barely misses you.
Natasha closely misses you.
You tentacle-slap Natasha but do no damage.
Your grab misses Natasha.
The cerulean imp hits you from afar with a +2 spear.
The cerulean imp barely misses you. The bat misses you.
The cerulean imp hits you from afar with a +2 spear.
Natasha closely misses you.
You tentacle-slap Natasha. You grab Natasha.
Natasha is moderately wounded.
You constrict Natasha, but do no damage.
The bat barely misses you. x2
The cerulean imp hits you from afar with a +2 spear.
The cerulean imp barely misses you.
Natasha stares at you and mumbles some strange words.
The magic dart hits you!
The cerulean imp hits you from afar with a +2 spear.
* * * LOW HITPOINT WARNING * * *
You are too injured to fight recklessly!
Unknown command.
You release your grip on Natasha.
The bat misses you. The cerulean imp barely misses you.
Natasha casts a spell at you. The magic dart hits you.
* * * LOW HITPOINT WARNING * * *
The cerulean imp barely misses you.
The cerulean imp attacks as it pursues you!
The cerulean imp hits you from afar with a +0 spear.
You die...

#.#######
##.......##
####.........#
.........:...# ###
.....⌠.......##..
......h.5.......#
.⌠.<..5.5.....#
.......†b....#####
.....⌠...h........
.....#####'#######
..### #.......# .
#..####.#
##..####.#
#........# .
##.#.######.# .
#..#........#
.####
#.....#######


You could see Natasha, 3 cerulean imps and a bat.

Vanquished Creatures
  An adder (D:2)
  A gnoll (D:1)
  4 ribbon worms
  3 bats
  7 endoplasms
  A giant cockroach (D:2)
  6 goblins
  6 hobgoblins
  6 kobolds
  A quokka (D:1)
  6 ball pythons
  4 frilled lizards
  2 rats
48 creatures vanquished.

Notes
Turn   | Place    | Note
-------+----------+-------------------------------------------
     0 | D:1      | lordive the Octopode Shapeshifter began the quest for the
                  | Orb.
     0 | D:1      | Reached XP level 1. HP: 13/13 MP: 1/1
    56 | D:1      | Reached XP level 2. HP: 5/18 MP: 2/2
   137 | D:1      | You fall into a shaft and drop 1 floor!
   422 | D:2      | Reached XP level 3. HP: 18/23 MP: 3/3
   782 | D:2      | Reached skill level 4 in Shapeshifting
  1003 | D:1      | Reached XP level 4. HP: 22/28 MP: 4/4
  1080 | D:1      | Found Era Roopn's Distillery.
  1109 | D:1      | Found Koteith's Antique Armour Boutique.
  1837 | D:3      | Noticed Natasha
  1847 | D:3      | Slain by a cerulean imp

Illustrated notes

Levels and vault maps discovered:
D:1:      lemuel_arrival_funnel, layout_loops_ring, serial_shops,
          nicolae_shop_stone, nicolae_shop_tiny_real_fake_doors, moated_statue
D:2:      kennysheep_six_static_rooms, layout_loops_ring,
          hangedman_decor_growths, serial_bayou_ford_a, grunt_decor_mini_mirrors
D:3:      layout_basic, mainiacjoe_overflow_chevrons,
          nicolae_qazlal_style_of_elements, grunt_ministairs_1,
          palyth_stone_intersect, uniq_natasha

Skill      XL: |  1  2  3 |
---------------+----------+-----
Shapeshifting  | 4 |  4.3
Fighting       | |  1.0
Dodging        | |  2.1
Unarmed Combat | |  3.6

Action                     |  1- 3 |  4- 6 || total
---------------------------+-------+-------++-------
  Melee: Unarmed           |    57 |    39 ||    96
         Constrict         |    14 |     5 ||    19
         Tentacles         |     7 |     3 ||    10
         Punch             |     2 |       ||     2
   Stab: Sleeping          |     8 |     5 ||    13
 Armour: Skin              |    19 |    22 ||    41
  Dodge: Dodged            |    18 |    39 ||    57
